3AAA
AUSTIN BLACK MAMBAS @ SUNSET DISTRICT FOG
07/01/2042
 
TOP OF THE 1ST
Austin Black Mambas batting - Pitching for Sunset District Fog : RHP Félix Aiza
Pitching: RHP Félix Aiza
Batting: RHB Kamakakoa Kaponianani 0-0: Swinging Strike
0-1: Ball
1-1: Foul Ball, location: 2F
1-2: Strikes out swinging
Batting: RHB Carlos Hernández 0-0: Ground out 4-3 (Groundball, 4D, EV 80.6 MPH)
Batting: LHB José Vera 0-0: Called Strike
0-1: Fly out, F8 (Flyball, 8LS, EV 90.6 MPH)
Top of the 1st over - 0 runs, 0 hits, 0 errors, 0 left on base; Austin 0 - Sunset District 0
BOTTOM OF THE 1ST
Sunset District Fog batting - Pitching for Austin Black Mambas : RHP Harvey Wyles
Pitching: RHP Harvey Wyles
Batting: RHB A.T. Tappman 0-0: Fly out, F8 (Flyball, 8RS, EV 93.1 MPH)
Batting: LHB Flint Myers 0-0: Ball
1-0: Foul Ball, location: 2F
1-1: Foul Ball, location: 2F
1-2: Foul Ball, location: 2F
1-2: Reached on error, E1 (Groundball, 13S, EV 73.1 MPH)
Batting: LHB Bradley Wilson 0-0: Ball
1-0: Ball
2-0: Grounds into double play, 4-6-3 (Groundball, 4, EV 91.2 MPH)
Bottom of the 1st over - 0 runs, 0 hits, 1 error, 0 left on base; Austin 0 - Sunset District 0
TOP OF THE 2ND
Austin Black Mambas batting - Pitching for Sunset District Fog : RHP Félix Aiza
Batting: LHB Jon Kelly 0-0: Ball
1-0: Ball
2-0: Foul Ball, location: 2F
2-1: Ball
3-1: Swinging Strike
3-2: Foul Ball, location: 2F
3-2: Foul Ball, location: 2F
3-2: Foul Ball, location: 2F
3-2: SOLO HOME RUN (Flyball, 9LD, EV 101.9 MPH), Distance : 353 ft
Batting: RHB Jason Portillo 0-0: Ball
1-0: Foul Ball, location: 2F
1-1: Ball
2-1: Foul Ball, location: 2F
2-2: Fly out, F8 (Flyball, 8RM, EV 95.6 MPH)
Batting: RHB Rick Pawlowicz 0-0: Ball
1-0: Fly out, F7 (Flyball, 78S, EV 80.6 MPH)
Batting: RHB Doug Day 0-0: Called Strike
0-1: SINGLE (Groundball, 6D, EV 95.6 MPH)
Batting: RHB Omer van de Linde 0-0: Ground out 2-3 (Groundball, 2L, EV 73.8 MPH)
Top of the 2nd over - 1 run, 2 hits, 0 errors, 1 left on base; Austin 1 - Sunset District 0
BOTTOM OF THE 2ND
Sunset District Fog batting - Pitching for Austin Black Mambas : RHP Harvey Wyles
Batting: LHB Juan Fuentes 0-0: Called Strike
0-1: Called Strike
0-2: Ball
1-2: Ball
2-2: Ball
3-2: Ground out 4-3 (Groundball, 4, EV 78.1 MPH)
Batting: LHB Jorge Peniche 0-0: Ground out U3 (Groundball, 34, EV 86.9 MPH)
Batting: LHB Yu-zeng Si 0-0: Called Strike
0-1: Ball
1-1: Fly out, F5 (Popup, 25F, EV 84.4 MPH)
Bottom of the 2nd over - 0 runs, 0 hits, 0 errors, 0 left on base; Austin 1 - Sunset District 0
TOP OF THE 3RD
Austin Black Mambas batting - Pitching for Sunset District Fog : RHP Félix Aiza
Batting: RHB Rutland Stones 0-0: Ball
1-0: Called Strike
1-1: Swinging Strike
1-2: Ground out 5-3 (Groundball, 5S, EV 89.4 MPH)
Batting: RHB Kamakakoa Kaponianani 0-0: Called Strike
0-1: Ball
1-1: Ball
2-1: Called Strike
2-2: Ball
3-2: Foul Ball, location: 2F
3-2: Strikes out swinging
Batting: RHB Carlos Hernández 0-0: Ball
1-0: Swinging Strike
1-1: Ball
2-1: Foul Ball, location: 2F
2-2: Ball
3-2: Base on Balls
Batting: LHB José Vera 0-0: Called Strike
0-1: Ball
1-1: Ball
2-1: Foul Ball, location: 2F
2-2: Ball
3-2: Strikes out swinging
Top of the 3rd over - 0 runs, 0 hits, 0 errors, 1 left on base; Austin 1 - Sunset District 0
BOTTOM OF THE 3RD
Sunset District Fog batting - Pitching for Austin Black Mambas : RHP Harvey Wyles
Batting: RHB Vonne Navarrete 0-0: Ball
1-0: Ball
2-0: Called Strike
2-1: Foul Ball, location: 2F
2-2: Strikes out swinging
Batting: RHB Tokaji Heida 0-0: Ball
1-0: Foul Ball, location: 2F
1-1: Swinging Strike
1-2: Ball
2-2: Strikes out swinging
Batting: SHB Benny Frost 0-0: Ball
1-0: Foul Ball, location: 2F
1-1: DOUBLE (Line Drive, 78D, EV 101.9 MPH)
Batting: RHB A.T. Tappman 0-0: Called Strike
0-1: Ball
1-1: Ball
2-1: Ball
3-1: Foul Ball, location: 2F
3-2: Strikes out looking
Bottom of the 3rd over - 0 runs, 1 hit, 0 errors, 1 left on base; Austin 1 - Sunset District 0
TOP OF THE 4TH
Austin Black Mambas batting - Pitching for Sunset District Fog : RHP Félix Aiza
Batting: LHB Jon Kelly 0-0: Ball
1-0: Foul Ball, location: 2F
1-1: Swinging Strike
1-2: Strikes out looking
Batting: RHB Jason Portillo 0-0: Called Strike
0-1: Ball
1-1: Ball
2-1: Ball
3-1: Base on Balls
Batting: RHB Rick Pawlowicz 0-0: Called Strike
0-1: Fly out, F5 (Line Drive, 5, EV 71.2 MPH)
Batting: RHB Doug Day 0-0: Called Strike
0-1: 2-RUN HOME RUN (Flyball, 7LD, EV 90.0 MPH), Distance : 341 ft
Batting: RHB Omer van de Linde 0-0: Ball
1-0: SINGLE (Groundball, 56D, EV 98.1 MPH)
Batting: RHB Rutland Stones 0-0: Ball
1-0: Fly out, F9 (Flyball, 89D, EV 105.6 MPH)
Top of the 4th over - 2 runs, 2 hits, 0 errors, 1 left on base; Austin 3 - Sunset District 0
BOTTOM OF THE 4TH
Sunset District Fog batting - Pitching for Austin Black Mambas : RHP Harvey Wyles
Batting: LHB Flint Myers 0-0: Foul Ball, location: 2F
0-1: Swinging Strike
0-2: Ball
1-2: Foul Ball, location: 2F
1-2: SINGLE (Groundball, 34, EV 105.0 MPH) (infield hit)
Batting: LHB Bradley Wilson 0-0: Ball
1-0: Ball
2-0: Ball
3-0: Called Strike
3-1: Base on Balls
Flint Myers to second
Batting: LHB Juan Fuentes 0-0: Called Strike
0-1: DOUBLE (Line Drive, 78D, EV 104.4 MPH)
Flint Myers scores
Bradley Wilson to third
Batting: LHB Jorge Peniche 0-0: Ball
1-0: Ball
2-0: SINGLE (Line Drive, 34D, EV 97.5 MPH)
Bradley Wilson scores
Juan Fuentes to third
Batting: LHB Yu-zeng Si 0-0: Ball
1-0: Ball
2-0: Called Strike
2-1: Swinging Strike
2-2: Strikes out swinging
Batting: RHB Vonne Navarrete 0-0: Swinging Strike
0-1: Fly out, F4 (Popup, 4D, EV 63.8 MPH)
Batting: RHB Tokaji Heida 0-0: Ball
1-0: Ball
2-0: Foul Ball, location: 2F
2-1: SINGLE (Groundball, 34D, EV 108.1 MPH)
Juan Fuentes scores
Jorge Peniche to second
Runner from 2nd tries for 3rd, SAFE, throw by RF made to third
Batting: SHB Benny Frost 0-0: Called Strike
0-1: Swinging Strike
0-2: Ball
1-2: Ball
Tokaji Heida steals 2nd base (no throw)
2-2: Strikes out swinging
Bottom of the 4th over - 3 runs, 4 hits, 0 errors, 2 left on base; Austin 3 - Sunset District 3
TOP OF THE 5TH
Austin Black Mambas batting - Pitching for Sunset District Fog : RHP Félix Aiza
Batting: RHB Kamakakoa Kaponianani 0-0: Called Strike
0-1: Ball
1-1: Ball
2-1: Foul Ball, location: 2F
2-2: Fly out, F4 (Line Drive, 4, EV 65.0 MPH)
Batting: RHB Carlos Hernández 0-0: Foul Ball, location: 2F
0-1: Ball
1-1: Ground out 1-3 (Groundball, P, EV 65.6 MPH)
Batting: LHB José Vera 0-0: Called Strike
0-1: Ground out 1-3 (Groundball, 34S, EV 91.2 MPH)
Top of the 5th over - 0 runs, 0 hits, 0 errors, 0 left on base; Austin 3 - Sunset District 3
BOTTOM OF THE 5TH
Sunset District Fog batting - Pitching for Austin Black Mambas : RHP Harvey Wyles
Batting: RHB A.T. Tappman 0-0: Ground out 6-3 (Groundball, 6, EV 103.8 MPH)
Batting: LHB Flint Myers 0-0: Ball
1-0: Ball
2-0: Ground out 4-3 (Groundball, 4, EV 82.5 MPH)
Batting: LHB Bradley Wilson 0-0: Called Strike
0-1: Swinging Strike
0-2: Ball
1-2: Ball
2-2: Ground out 4-3 (Groundball, 34, EV 90.0 MPH)
Bottom of the 5th over - 0 runs, 0 hits, 0 errors, 0 left on base; Austin 3 - Sunset District 3
TOP OF THE 6TH
Austin Black Mambas batting - Pitching for Sunset District Fog : RHP Félix Aiza
Batting: LHB Jon Kelly 0-0: Swinging Strike
0-1: Ball
1-1: Foul Ball, location: 2F
1-2: Fly out, F6 (Line Drive, 6, EV 63.8 MPH)
Batting: RHB Jason Portillo 0-0: Ball
1-0: Ground out 5-3 (Groundball, 56, EV 94.4 MPH)
Batting: RHB Rick Pawlowicz 0-0: Ball
1-0: Foul Ball, location: 2F
1-1: Ground out 5-3 (Groundball, 56S, EV 91.2 MPH)
Top of the 6th over - 0 runs, 0 hits, 0 errors, 0 left on base; Austin 3 - Sunset District 3
BOTTOM OF THE 6TH
Sunset District Fog batting - Pitching for Austin Black Mambas : RHP Harvey Wyles
Batting: LHB Juan Fuentes 0-0: Ball
1-0: Called Strike
1-1: Ball
2-1: Ball
3-1: Foul Ball, location: 2F
3-2: Foul Ball, location: 2F
3-2: Base on Balls
Batting: LHB Jorge Peniche 0-0: Called Strike
0-1: DOUBLE (Line Drive, 5D, EV 99.4 MPH)
Juan Fuentes to third
Runner from 3rd tries for Home, SAFE, throw by LF to trailing runner, OUT at third! 7-6-5
Batting: LHB Yu-zeng Si 0-0: Ball
1-0: Swinging Strike
1-1: Ball
2-1: Ball
3-1: Ground out U3 (Groundball, 3, EV 91.2 MPH)
Batting: RHB Vonne Navarrete 0-0: Ball
1-0: Ground out 1-3 (Groundball, P, EV 70.0 MPH)
Bottom of the 6th over - 1 run, 1 hit, 0 errors, 0 left on base; Austin 3 - Sunset District 4
TOP OF THE 7TH
Austin Black Mambas batting - Pitching for Sunset District Fog : RHP Félix Aiza
Batting: RHB Doug Day 0-0: Called Strike
0-1: Foul Ball, location: 2F
0-2: Ball
1-2: Ground out 6-3 (Groundball, 6, EV 81.9 MPH)
Batting: RHB Omer van de Linde 0-0: Ball
1-0: Called Strike
1-1: Ball
2-1: Called Strike
2-2: Strikes out swinging
Pitching: RHP Pedro Rodríguez
Batting: RHB Rutland Stones 0-0: Foul Ball, location: 2F
0-1: Ball
1-1: Foul Ball, location: 2F
1-2: Strikes out swinging
Top of the 7th over - 0 runs, 0 hits, 0 errors, 0 left on base; Austin 3 - Sunset District 4
BOTTOM OF THE 7TH
Sunset District Fog batting - Pitching for Austin Black Mambas : RHP Harvey Wyles
Pitching: LHP Abdul-Nasir Rabah
Batting: RHB Tokaji Heida 0-0: Ball
1-0: Ball
2-0: Foul Ball, location: 2F
2-1: Ball
3-1: Foul Ball, location: 2F
3-2: SINGLE (Line Drive, 9S, EV 90.0 MPH)
Batting: SHB Benny Frost 0-0: Ball
1-0: Swinging Strike
1-1: Called Strike
1-2: Foul Ball, location: 2F
1-2: Foul Ball, location: 2F
1-2: Ball
2-2: Ball
3-2: Base on Balls
Tokaji Heida to second
Batting: RHB A.T. Tappman 0-0: Called Strike
0-1: Ball
1-1: Bunt - Flyout to 13S! F1
Batting: LHB Flint Myers 0-0: Swinging Strike
0-1: Called Strike
0-2: Fielders Choice at 2nd, 4-6 (Groundball, 4, EV 88.8 MPH)
Tokaji Heida to third
Batting: LHB Bradley Wilson 0-0: Called Strike
0-1: Foul Ball, location: 2F
0-2: Foul Ball, location: 2F
0-2: Ball
1-2: Foul Ball, location: 2F
1-2: DOUBLE (Line Drive, 78D, EV 101.2 MPH)
Tokaji Heida scores
Flint Myers to third
Batting: LHB Juan Fuentes 0-0: Ball
1-0: Ball
2-0: Swinging Strike
2-1: Ball
3-1: Called Strike
3-2: Fly out, F8 (Flyball, 8RD, EV 85.6 MPH)
Bottom of the 7th over - 1 run, 2 hits, 0 errors, 2 left on base; Austin 3 - Sunset District 5
TOP OF THE 8TH
Austin Black Mambas batting - Pitching for Sunset District Fog : RHP Pedro Rodríguez
Batting: RHB Kamakakoa Kaponianani 0-0: Called Strike
0-1: Ball
1-1: SINGLE (Line Drive, 78S, EV 101.2 MPH)
Batting: RHB Carlos Hernández 0-0: Ball
1-0: Swinging Strike
1-1: Fielders Choice at 2nd, 4-6 (Groundball, 4, EV 91.2 MPH)
Batting: LHB José Vera 0-0: Ball
1-0: Ball
2-0: Called Strike
2-1: Ball
3-1: Base on Balls
Carlos Hernández to second
Pitching: RHP Leen van den Bosch
Batting: LHB Jon Kelly 0-0: Ball
1-0: Ball
2-0: Called Strike
2-1: Ball
3-1: Base on Balls
Carlos Hernández to third
José Vera to second
Batting: RHB Jason Portillo 0-0: Called Strike
0-1: Foul Ball, location: 2F
0-2: Ball
1-2: Strikes out looking
Batting: RHB Rick Pawlowicz 0-0: Ball
1-0: Ball
2-0: Foul Ball, location: 2F
2-1: Ground out 2-3 (Groundball, 2R, EV 66.2 MPH)
Top of the 8th over - 0 runs, 1 hit, 0 errors, 3 left on base; Austin 3 - Sunset District 5
BOTTOM OF THE 8TH
Sunset District Fog batting - Pitching for Austin Black Mambas : LHP Abdul-Nasir Rabah
Batting: LHB Jorge Peniche 0-0: Fly out, F8 (Flyball, 8RXD, EV 76.9 MPH)
Batting: LHB Yu-zeng Si 0-0: Ball
1-0: Called Strike
1-1: Ball
2-1: Ball
3-1: SINGLE (Line Drive, 9S, EV 103.8 MPH)
Pitching: RHP Walton Gibbs
Batting: RHB Vonne Navarrete 0-0: Called Strike
0-1: Ball
1-1: Swinging Strike
1-2: Foul Ball, location: 2F
1-2: Foul Ball, location: 2F
1-2: Strikes out swinging
Batting: RHB Tokaji Heida 0-0: Ball
1-0: Fielders Choice at 2nd, 6-4 (Groundball, 6, EV 109.4 MPH)
Bottom of the 8th over - 0 runs, 1 hit, 0 errors, 1 left on base; Austin 3 - Sunset District 5
TOP OF THE 9TH
Austin Black Mambas batting - Pitching for Sunset District Fog : RHP Leen van den Bosch
Pitching: LHP Nick Joseph
Batting: RHB Doug Day 0-0: Ball
1-0: Ball
2-0: Called Strike
2-1: Ball
3-1: Foul Ball, location: 2F
3-2: Strikes out swinging
Batting: RHB Omer van de Linde 0-0: Ball
1-0: Hit by Pitch
Batting: RHB Rutland Stones 0-0: Hit by Pitch
Omer van de Linde to second
Batting: RHB Kamakakoa Kaponianani 0-0: Ball
1-0: SINGLE (Groundball, 4, EV 86.2 MPH) (infield hit)
Omer van de Linde to third
Rutland Stones to second
Batting: RHB Carlos Hernández 0-0: Ball
1-0: Foul Ball, location: 2F
1-1: Foul Ball, location: 2F
1-2: Foul Ball, location: 2F
1-2: Fielders Choice at 2nd, 3-6 (Groundball, 3, EV 87.5 MPH)
Omer van de Linde scores
Rutland Stones to third
Batting: LHB José Vera 0-0: Foul Ball, location: 2F
0-1: Ball
1-1: SINGLE (Groundball, 4MD, EV 98.8 MPH)
Rutland Stones scores
Carlos Hernández to second
Pinch Hitting: RHB Jack Núñez 0-0: Ball
1-0: Called Strike
1-1: Ball
2-1: Ball
3-1: Base on Balls
Carlos Hernández to third
José Vera to second
Batting: RHB Jason Portillo 0-0: Called Strike
0-1: Ball
1-1: Ball
2-1: Ball
3-1: Fly out, F9 (Flyball, 89D, EV 88.8 MPH)
Top of the 9th over - 2 runs, 2 hits, 0 errors, 3 left on base; Austin 5 - Sunset District 5
BOTTOM OF THE 9TH
Sunset District Fog batting - Pitching for Austin Black Mambas : RHP Walton Gibbs
Now at 2B: Daniel Lindsey
Pinch Hitting: LHB Dan Hines 0-0: DOUBLE (Flyball, 8RXD, EV 111.2 MPH)
Batting: RHB A.T. Tappman 0-0: Ball
1-0: Ball
2-0: Called Strike
2-1: Ball
3-1: Foul Ball, location: 2F
3-2: DOUBLE (Flyball, 89XD, EV 103.1 MPH)
Dan Hines scores
Friday, March 26th, 2021 - OOTP Baseball 20.8 Build 74